 Dungeon Crawl Stone Soup version 0.29-a0-649-g45c230d69a (webtiles) character file.

Game seed: 946110375325846171

2 Efficiency the Shield-Bearer (level 1, -6/19 HPs)
             Began as a Meteoran Fighter on June 21, 2022.
             Killed by divine providence
             ... invoked by an orc priest
              (12 damage)
             ... on level 3 of the Dungeon.
             The game lasted 00:01:12 (134 turns).

Efficiency the Shield-Bearer (Meteoran Fighter)      Turns: 134, Time: 00:01:13

Health: -6/19      AC:  6    Str: 17    XL:     1   Next: 57%
Magic:  2/2        EV:  9    Int:  9    God:
Gold:   12         SH:  5    Dex: 13    Spells: 0/0 levels left

rFire   . . .      SeeInvis .   a - +0 war axe
rCold   . . .      Faith    .   c - +0 buckler
rNeg    . . .      Spirit   .   b - +0 scale mail
rPois   .          Reflect  .   (no helmet)
rElec   .          Harm     .   (no cloak)
rCorr   .          Rampage  .   (no gloves)
Will    .....                   (no boots)
Stlth   ..........              (no amulet)
HPRegen 0.06/turn               (no ring)
MPRegen 0.08/turn               (no ring)

@: glowing
A: sense surroundings 1, otherworldly, glowing, explore regen
a: no special abilities


You were on level 3 of the Dungeon.
You visited 1 branch of the dungeon, and saw 3 of its levels.

You collected 12 gold pieces.

Inventory:

Hand Weapons
 a - a +0 war axe (weapon)
Armour
 b - a +0 scale mail (worn)
 c - a +0 buckler (worn)
Scrolls
 e - a scroll of fear {unknown}
Potions
 d - a potion of might {@q4}


   Skills:
 - Level 3.2 Fighting
 + Level 2.8 Axes
 - Level 3.6 Armour
 - Level 3.6 Shields


You couldn't memorise any spells.
You didn't know any spells.
Your spell library was empty.

Dungeon Overview and Level Annotations

Branches:
Dungeon (3/15) Zot: 1662

Altars:


Innate Abilities, Weirdness & Mutations

You passively map a small area around you.
You are easily found by Zot.
You glow in the dark.
You regain HP and MP as you explore.


Message History

A bat comes into view.
The bat hits you but does no damage.
You closely miss the bat. The bat hits you. The bat barely misses you.
The bat hits you but does no damage. The bat hits you but does no damage.
The bat hits you. The bat hits you but does no damage.
The bat barely misses you. The bat hits you but does no damage.
The bat closely misses you. The bat hits you but does no damage.
The bat hits you but does no damage.
There is an open door here.
As you open the door, it creaks loudly!
There is an open door here.
Found a stone staircase leading down.
There is a stone staircase leading down here.
You climb downwards.
The orc shouts! x2; The orc priest shouts!
Found an escape hatch in the ceiling.
There is a stone staircase leading up here.
Unknown command.
The orc priest calls down the wrath of Beogh upon you.
Beogh smites you!
Ouch! That really hurt!
A kobold comes into view. It is wielding a +0 club.
The kobold shouts!
The kobold throws a stone.
The stone hits you but does no damage. The kobold barely misses you.
You completely miss the kobold. The kobold completely misses you.
There are no items here.
Unknown command.
Unknown command.
You closely miss the kobold. The kobold hits you with a +0 club.
You slash the kobold!
You kill the kobold!
The orc priest invokes the aid of Beogh against you.
Beogh smites you!
Ouch! That really hurt!
You die...

#.......
#....o#*,
, *
#o...# ,*
#.#<# * ,
#.###o#.#
,
#....o..#
#####o###
* #.# *
#@# * *
#)#** * ,
#.. , ,
####* , *
* , *


You could see an orc priest and 3 orcs.

Vanquished Creatures
  A dart slug
  A kobold
2 creatures vanquished.

Notes
Turn   | Place    | Note
-------+----------+-------------------------------------------
     0 | D:1      | Efficiency the Meteoran Fighter began the quest for the
                  | Orb.
     0 | D:1      | Reached XP level 1. HP: 19/19 MP: 2/2
   126 | D:3      | Noticed an orc priest
   134 | D:3      | Killed from afar by an orc priest

Illustrated notes

Levels and vault maps discovered:
D:1:      nagdon_arrival_zigzag_paths, layout_basic,
          shapermc_ecumenical_altar_mp_highgroup
D:2:      minmay_alternating_diamond, layout_loops_corners, basic_altar,
          glass_columns_a, uniq_crazy_yiuf_cottage, uniq_terence
D:3:      layout_loops_corners

Action                   || total
-------------------------++-------
Melee: War axe           ||     7
Armor: Scale mail        ||    11
Dodge: Dodged            ||     5

Table legend: (Time is in decaauts)
 A = Elapsed time spent in this place.
 B = Non-inter-level travel time spent in this place.
 C = Inter-level travel time spent in this place.
 D = Time resting spent in this place.
 E = Time spent auto-exploring this place.
 F = Levels seen in this place.
 G = Mean time per level.
                   A        B        C        D        E       F      G
               +--------+--------+--------+--------+--------+-----+--------+
         Total |    135 |    135 |      0 |      0 |      0 |   3 |   45.0 |
       Dungeon |    135 |    135 |      0 |      0 |      0 |   3 |   45.0 |
               +--------+--------+--------+--------+--------+-----+--------+

Top non-repeatable levels by time:
     D:2: 72 daAuts
     D:1: 55 daAuts
     D:3: 8 daAuts
